AoeStats
← natkhattj

Four Lakes

510266218Analyzed
1v1 RM · 1d ago on Sep 30, 2026· 27m 22s· 2 players
Game mode
Random Map
Map size
Tiny (2 player)
Population
200
Speed
Normal
Resources
Standard
Victory
Conquest
Starting age
Dark Age
Ending age
Imperial Age
RankedLock teamsTeams togetherTeam positionsShared explorationLock speedFull tech treeHidden civsTurbo modeCheats
Victory
Defeat
🇮🇳 Celts · India
1441
-14
natkhattj
6:34 Loom
9:45 Feudal Age
12:41 Double-Bit Axe
19:43 Castle Age
20:54 Scale Mail Armor
21:05 Forging
犯大吴疆土者盛必击而破之
7:52 Loom
10:27 Feudal Age
11:09 Double-Bit Axe
11:52 Fishing Lines
16:10 Castle Age
15:32 Gold Mining
17:05 Squires
17:20 Arson
22:13 Bow Saw
22:24 Gambesons
24:33 Gillnets
26:57 Scale Mail Armor
27:33 Forging
Connection lost

Rejoining the realm…

Still unreachable

The connection could not be restored.

Session expired

The server has moved on; the page needs a fresh start.